 Dungeon Crawl Stone Soup version 0.29-a0-824-gd827844252 (webtiles) character file.

Game seed: 9613188989692793460

8841 Mesmaeker13 the Thaumaturge (level 11, -12/75 HPs)
             Began as a Djinni Fire Elementalist on July 10, 2022.
             Was a Believer of Elyvilon.
             Mangled by a five-headed hydra (14 damage)
             ... on level 1 of the Lair of Beasts.
             The game lasted 00:18:58 (14966 turns).

Mesmaeker13 the Thaumaturge (DjFE)                 Turns: 14966, Time: 00:18:59

Health: -12/75     AC:  8    Str:  7    XL:     11   Next: 63%
Gold:   615        EV: 16    Int: 21    God:    Elyvilon [**....] SH:  0 Dex: 14

rFire   + + +      SeeInvis .   m - staff of fire
rCold   + . .      Faith    .   (no shield)
rNeg    . . .      Spirit   .   e - +1 robe {rC+ rF+}
rPois   ∞          Reflect  .   (no helmet)
rElec   .          Harm     .   (no cloak)
rCorr   .          Rampage  .   i - +0 pair of gloves
Will    +....                   (boots unavailable)
Stlth   ++........              (no amulet)
HPRegen 0.22/turn               g - ring of protection from cold
MPRegen 0.00/turn               x - +4 ring of protection

@: flying
A: sickness immunity, fire resistance 2, cold vulnerability 1, float, innate
caster, HP casting, extra vitality 1
a: Renounce Religion, Purification, Heal Other


You were on level 1 of the Lair of Beasts.
You worshipped Elyvilon.
Elyvilon was pleased with you.
You visited 3 branches of the dungeon, and saw 13 of its levels.
You also visited: Sewer.

You collected 615 gold pieces.

Inventory:

Hand Weapons
 b - a +0 dagger
 C - a +4 morningstar of freezing
Missiles
 n - 12 poisoned darts (quivered)
Armour
 e - a +1 robe of resistance (worn)
 i - a +0 pair of gloves (worn)
Magical Staves
 m - a staff of fire (weapon)
Jewellery
 g - a ring of protection from cold (left hand)
 x - a +4 ring of protection (right hand)
Wands
 j - a wand of charming (3)
 z - a wand of roots (13)
Scrolls
 c - 3 scrolls of poison {unknown}
 d - 4 scrolls of fog
 f - 2 scrolls of summoning {unknown}
 k - a scroll of vulnerability
 l - 3 scrolls of noise
 s - 2 scrolls of fear {unknown}
 v - a scroll of enchant armour {unknown}
 w - a scroll of teleportation
 y - 2 scrolls of blinking
 D - a scroll of enchant weapon
Potions
 a - 2 potions of cancellation {unknown}
 h - 2 potions of haste {unknown}
 o - 3 potions of mutation {unknown}
 p - 6 potions of curing
 q - 4 potions of flight {unknown}
 r - a potion of might {unknown}
 t - 5 potions of lignification {unknown}
 u - 3 potions of heal wounds
 A - 2 potions of experience {unknown}
 B - 2 potions of ambrosia {unknown}
 E - a potion of magic {unknown}


   Skills:
 + Level 5.1 Fighting
 + Level 3.4 Armour
 - Level 10.0 Dodging
 - Level 1.5 Stealth
 * Level 10.8 Spellcasting


You had 6 spell levels left.
You knew the following spells:

 Your Spells              Type           Power      Damage    Failure   Level
a - Foxfire               Conj/Fire      100%       2x1d9     1%          1
b - Scorch                Fire           100%       2d10      1%          2
c - Conjure Flame         Conj/Fire      71%        6-21      1%          3
d - Inner Flame           Hex/Fire       71%        N/A       1%          3
e - Flame Wave            Conj/Fire      71%        2d13      1%          4
f - Beastly Appendage     Tmut           100%       N/A       1%          1
g - Passwall              Tmut/Erth      45%        N/A       1%          2
h - Searing Ray           Conj           100%       2d8       1%          2
i - Teleport Other        Tloc           54%        N/A       1%          3
j - Hailstorm             Conj/Ice       54%        3d12      1%          4
Your spell library was empty.

Dungeon Overview and Level Annotations

Branches:
Dungeon (11/15)            Temple (1/1) D:7            Lair (1/6) D:8
    Orc (0/2) D:9           Sewer (visited)

Altars:
Ashenzari
Cheibriados
Dithmenos
Elyvilon
Fedhas
Gozag
Hepliaklqana
Makhleb
Nemelex Xobeh
Okawaru
Qazlal
Ru
Trog
Uskayaw
Wu Jian
Xom
Yredelemnul
Zin

Shops:
D:5 (   D:9 *


Innate Abilities, Weirdness & Mutations

You are immune to sickness and miasma.
You are immune to poison.
Your flesh is very heat resistant. (rF++)
You are vulnerable to cold. (rC-)
You float through the air rather than walking.
You learn spells naturally, not from books.
Your magical power is your life essence.
You have superior vitality. (+4 MHP)


Message History

The foxfire hits the five-headed hydra!
The five-headed hydra is burned terribly!
The five-headed hydra is severely wounded.
The five-headed hydra bites you.
The five-headed hydra closely misses you.
The five-headed hydra bites you. x2
The five-headed hydra closely misses you.
Casting: Foxfire (safe; 1% risk of failure)
Confirm with . or Enter, or press ? or * to list all spells.
You feel a surge of power!
You conjure some foxfire!
The five-headed hydra closely misses you.
The five-headed hydra bites you!
* * * LOW HITPOINT WARNING * * *
The five-headed hydra bites you!
* * * LOW HITPOINT WARNING * * *
The five-headed hydra barely misses you.
The five-headed hydra misses you.
The foxfire hits the five-headed hydra.
The five-headed hydra is burned terribly!
The five-headed hydra is severely wounded.
The foxfire hits the five-headed hydra!
The five-headed hydra is burned terribly!
The five-headed hydra is almost dead.
The five-headed hydra bites you but does no damage. x3
The five-headed hydra completely misses you.
The five-headed hydra closely misses you.
Casting: Foxfire (safe; 1% risk of failure)
Confirm with . or Enter, or press ? or * to list all spells.
You feel a surge of power!
Flames lash the five-headed hydra.
The five-headed hydra is burned terribly!
The five-headed hydra is almost dead.
* * * LOW HITPOINT WARNING * * *
You hear a croak.
A cane toad comes into view.
The five-headed hydra completely misses you.
The five-headed hydra bites you.
* * * LOW HITPOINT WARNING * * *
The five-headed hydra barely misses you. x2
The five-headed hydra bites you!
You die...

#......#
#......##
.........
#........
#......#.
+........
#######D.....#
.......@.....#
F......§.......
...............
............?..
...............
............###
..+#.##+#..##
.. .. ..#


You could see a five-headed hydra (combustible) and a cane toad.

Vanquished Creatures
  A two-headed ogre (D:9)
  Pikel (D:7)
  A kobold demonologist (D:10)
  3 hornets
  3 yaks (D:8)
  A shadow (D:10)
  2 wyverns
  2 steam dragons
  An acid dragon (D:10)
  4 water moccasins
  3 ice beasts
  4 orc warriors
  2 black bears
  2 sky beasts
  3 ogres
  4 centaurs
  A lemure (D:7)
  A kobold brigand (D:9)
  4 bullfrogs
  5 scorpions
  15 wights
  23 killer bees
  6 hounds
  3 jellies
  6 orc priests
  6 iguanas
  10 orc wizards
  12 gnolls
  7 adders
  A white imp (D:6)
  3 ufetubi
  4 dart slugs
  25 orcs
  7 endoplasms
  3 giant cockroaches
  6 goblins
  8 hobgoblins
  7 jackals
  15 kobolds
  9 quokkas
  9 ball pythons
  6 bats
  4 frilled lizards
  3 rats (D:1)
246 creatures vanquished.

Vanquished Creatures (collateral kills)
  A gnoll sergeant (D:10)
  A killer bee (D:8)
  An orc priest (D:6)
  2 foxfires
5 creatures vanquished.

Vanquished Creatures (others)
  673 foxfires
  21 plants (D:3)
694 creatures vanquished.

Grand Total: 945 creatures vanquished

Notes
Turn   | Place    | Note
-------+----------+-------------------------------------------
     0 | D:1      | Mesmaeker13 the Djinni Fire Elementalist began the quest
                  | for the Orb.
     0 | D:1      | Mesmaeker13 set off with the following spells memorised:
                  | Foxfire, Scorch, Conjure Flame, Inner Flame, Flame Wave.
     0 | D:1      | Reached XP level 1. HP: 15/15 MP: 0/0
   188 | D:1      | Found a faded altar of an unknown god.
   203 | D:1      | Reached XP level 2. HP: 19/21 MP: 0/0
   488 | D:1      | Reached XP level 3. HP: 15/25 MP: 0/0
   488 | D:1      | Learned a level 1 spell: Beastly Appendage
  1129 | D:2      | Reached XP level 4. HP: 25/31 MP: 0/0
  1519 | D:2      | Reached XP level 5. HP: 30/35 MP: 0/0
  1519 | D:2      | Learned a level 2 spell: Passwall
  2923 | D:4      | Reached XP level 6. HP: 10/40 MP: 0/0
  3044 | D:4      | Found a glowing drain.
  3048 | Sewer    | Entered a sewer
  3294 | Sewer    | Noticed a water moccasin
  3415 | Sewer    | Killed a water moccasin
  3416 | Sewer    | Reached XP level 7. HP: 19/45 MP: 0/0
  3416 | Sewer    | Learned a level 2 spell: Searing Ray
  3811 | D:4      | Reached skill level 5 in Spellcasting
  3882 | D:4      | Reached skill level 5 in Dodging
  4442 | D:4      | Reached XP level 8. HP: 35/50 MP: 0/0
  4682 | D:5      | Entered Level 5 of the Dungeon
  4816 | D:5      | Found an iron altar of Okawaru.
  5037 | D:5      | Found a stormy altar of Qazlal.
  5153 | D:5      | Found a sparkling altar of Nemelex Xobeh.
  5238 | D:5      | Found Umonwybb's Antique Weapon Boutique.
  6464 | D:6      | Reached XP level 9. HP: 51/55 MP: 0/0
  6464 | D:6      | Learned a level 3 spell: Teleport Other
  7914 | D:7      | Noticed Pikel
  7921 | D:7      | Killed Pikel
  7922 | D:7      | Reached XP level 10. HP: 41/60 MP: 0/0
  8972 | D:7      | Reached skill level 1 in Fighting
  9146 | D:7      | Found a sacrificial altar of Ru.
  9349 | D:7      | Found a staircase to the Ecumenical Temple.
  9358 | Temple   | Entered the Ecumenical Temple
  9419 | Temple   | Became a worshipper of Elyvilon the Healer
 10612 | D:8      | Noticed a fire dragon
 10654 | D:9      | Found Qusk's Elemental Accessories.
 10894 | D:9      | Found a staircase to the Orcish Mines.
 10922 | D:9      | Noticed a two-headed ogre
 10935 | D:9      | Killed a two-headed ogre
 11314 | D:9      | Reached skill level 10 in Spellcasting
 11314 | D:9      | Reached XP level 11. HP: 64/71 MP: 0/0
 11314 | D:9      | Learned a level 4 spell: Hailstorm
 11345 | D:9      | Reached * piety under Elyvilon
 11544 | D:9      | Found a blossoming altar of Fedhas.
 11678 | D:9      | Reached skill level 10 in Dodging
 12028 | D:10     | Entered Level 10 of the Dungeon
 12100 | D:10     | Reached skill level 1 in Armour
 12519 | D:10     | Reached ** piety under Elyvilon
 13263 | D:10     | Found a hazy altar of Hepliaklqana.
 14083 | D:8      | Found a shadowy altar of Dithmenos.
 14119 | D:8      | Reached skill level 5 in Fighting
 14922 | D:8      | Found a staircase to the Lair.
 14942 | Lair:1   | Entered Level 1 of the Lair of Beasts
 14942 | Lair:1   | Noticed a five-headed hydra
 14966 | Lair:1   | HP: 2/75 [five-headed hydra (3)]
 14966 | Lair:1   | Mangled by a five-headed hydra

Illustrated notes

Levels and vault maps discovered:
D:1:      tarquinn_simple_flora_water_b, layout_rooms,
          shapermc_ecumenical_altar_mp_urbaneastern
D:2:      layout_rooms, minmay_statues_item
D:3:      layout_loops_ring, serial_bayou, serial_bayou_ford_a,
          serial_bayou_shore_a, serial_bayou_lagoon_a, serial_bayou_lagoon_b
D:4:      cheibrodos_barr_body, layout_cave_pools, gup_sewer_entry_bowl,
          kennysheep_cross_room
D:5:      layout_cave_pools, mainiacjoe_overflow_boulevard,
          overflow_temple_1_default, nemelex_dance_club_becter, serial_shops,
          shop_fountains, chequers_serial_rivers_large_b
D:6:      layout_basic, minmay_increasing_density
D:7:      layout_cave_pools, nicolae_ru_sacrificial_ziggurat,
          minmay_temple_entry_poolview, uniq_pikel
D:8:      layout_basic, nicolae_dithmenos_the_darkroom, lemuel_doored_altar,
          minmay_lair_entry_lava
D:9:      layout_loops_cross, nicolae_kikubaaqudgha_miasma_corner,
          fedhas_altar_fruit_tree, orc_0_dummy, chequers_serial_rivers_micro_d,
          nicolae_elemental_shop
D:10:     layout_basic, mainiacjoe_overflow_small_starburst, led_sif_book
D:11:     layout_basic, uniq_fannar, uniq_grum, uniq_lodul
Temple:   nicolae_temple_godzebo
Lair:1:   layout_regular_city

Skill      XL: |  1  2  3  4  5  6  7  8  9 10 11 |
---------------+----------------------------------+-----
Spellcasting   | 3 4 5 7 8 10 | 10.8
Dodging        | 3 4 5 6 8 9 10 | 10.0
Fighting       | 3 5 |  5.1
Armour         | 3 |  3.4
Stealth        | |  1.5

Action                   |  1- 3 |  4- 6 |  7- 9 | 10-12 || total
-------------------------+-------+-------+-------+-------++-------
Melee: Staff             |       |       |     2 |     1 ||     3
Throw: Dart              |       |     3 |       |       ||     3
 Cast: Foxfire           |    41 |    60 |   136 |   152 ||   389
       Scorch            |     1 |    11 |    36 |    74 ||   122
       Flame Wave        |       |     1 |     1 |    14 ||    16
       Inner Flame       |       |       |     5 |     7 ||    12
       Conjure Flame     |       |       |     1 |     7 ||     8
       Teleport Other    |       |       |       |     8 ||     8
Evoke: Wand              |       |       |     2 |     5 ||     7
  Use: Scroll            |       |     6 |     2 |     3 ||    11
       Potion            |       |     1 |       |     2 ||     3
 Stab: Sleeping          |       |       |       |     1 ||     1
Armor: Robe              |     4 |     7 |    21 |    50 ||    82
Dodge: Dodged            |    19 |    18 |    75 |   217 ||   329

Table legend: (Time is in decaauts)
 A = Elapsed time spent in this place.
 B = Non-inter-level travel time spent in this place.
 C = Inter-level travel time spent in this place.
 D = Time resting spent in this place.
 E = Time spent auto-exploring this place.
 F = Levels seen in this place.
 G = Mean time per level.
                   A        B        C        D        E       F      G
               +--------+--------+--------+--------+--------+-----+--------+
         Total |  14965 |  14569 |    396 |   3956 |   8435 |  14 | 1068.9 |
       Dungeon |  14091 |  13758 |    333 |   3643 |   8014 |  11 | 1281.0 |
        Temple |    161 |     98 |     63 |      0 |     84 |   1 |  161.0 |
          Lair |     23 |     23 |      0 |     13 |      0 |   1 |   23.0 |
         Sewer |    688 |    688 |      0 |    300 |    337 |   1 |  688.0 |
               +--------+--------+--------+--------+--------+-----+--------+

Top non-repeatable levels by time:
     D:6: 1993 daAuts
     D:8: 1955 daAuts
    D:10: 1924 daAuts
     D:7: 1743 daAuts
     D:9: 1395 daAuts
     D:1: 1288 daAuts
     D:4: 1152 daAuts
     D:5: 1078 daAuts
     D:3: 902 daAuts
   Sewer: 688 daAuts
     D:2: 649 daAuts
  Temple: 161 daAuts
  Lair:1: 23 daAuts
    D:11: 8 daAuts
